 Dungeon Crawl Stone Soup version 0.31-a0-193-gdfe2569204 (webtiles) character file.

Game seed: 7464508716489905258

734 qw the Skirmisher (level 7, 0/40 HPs)
             Began as a Deep Elf Hunter on June 23, 2023.
             Slain by Pikel
             ... wielding a +2 whip of flaming
              (3 damage)
             ... while paralysed by Grinder
             ... on level 5 of the Dungeon.
             The game lasted 00:01:22 (3238 turns).

qw the Skirmisher (Deep Elf Hunter)                 Turns: 3238, Time: 00:01:23

Health: 0/40       AC:  9    Str: 10    XL:     7   Next: 45%
Magic:  9/9        EV:  2    Int: 14    God:
Gold:   151        SH:  0    Dex: 18    Spells: 6/6 levels left

rFire   . . .        Y - +1 shortbow (drain)
rCold   . . .        (shield currently unavailable)
rNeg    . . .        b - +1 scale mail {Will+}
rPois   .            c - +2 hat
rElec   .            (no cloak)
rCorr   .            (no gloves)
SInv    .            (no boots)
Will    +....        (no amulet)
Stlth   +            (no ring)
HPRegen 0.26/turn    (no ring)
MPRegen 0.11/turn

%: no passive effects
@: paralysed
A: no striking features
a: no special abilities


You were on level 5 of the Dungeon.
You visited 1 branch of the dungeon, and saw 5 of its levels.

You collected 151 gold pieces.


   Skills:
 - Level 2.0 Fighting
 + Level 11.1 Ranged Weapons
 - Level 1.9 Armour
 - Level 3.2 Dodging
 - Level 1.2 Stealth


You had 6 spell levels left.
You didn't know any spells.
Your spell library was empty.

Inventory:

Hand Weapons
 Y - a +1 shortbow of draining (weapon)
Armour
 b - a +1 scale mail of willpower (worn)
 c - a +2 hat (worn)
Scrolls
 e - 3 scrolls of identify
Potions
 a - a potion of cancellation {unknown}
 i - 2 potions of curing

Dungeon Overview and Level Annotations

Branches:
Dungeon (5/15)
 Temple: D:4-7

Altars:
Kikubaaqudgha
Qazlal
Sif Muna
Trog

Annotations:
D:5 Grinder, Pikel


Message History

Enter note:
Enter note:
Enter note:
Enter note:
Enter note:
Enter note: Grinder and 2 lemures come into view.
Found a club.
Grinder shouts!
The lemure shouts!
You hear a shout!
Grinder says, "Mostly I couldn't keep them alive."
Enter note:
Enter note:
Enter note:
Enter note:
Enter note:
Enter note: You shoot an arrow.
The arrow hits Grinder but does no damage.
You shoot an arrow. The arrow hits Grinder!
Grinder is moderately wounded.
Pikel, Merchant of Souls comes into view.
He is wielding a +2 whip of flaming.
You shoot an arrow. The arrow hits Grinder.
Grinder is moderately wounded.
You shoot an arrow. The arrow closely misses Grinder.
Grinder barely misses you.
You shoot an arrow. The arrow hits Grinder.
Grinder is moderately wounded.
Grinder gestures at you.
You suddenly lose the ability to move!
A lemure comes into view.
Pikel hits you with a +2 whip of flaming.
Pikel burns you. Grinder hits you.
You writhe in agony.
Pikel hits you with a +2 whip of flaming.
Pikel burns you. Grinder gestures at you. Pain shoots through your body!
Pikel hits you with a +2 whip of flaming.
Pikel burns you.
You die...

#####)######.####.
##....##.......#.
##?#....#.##.##.#.
##<##).............
#..[##........#..##
##.###>.##.####..#
#..#.#.....###..#
#.#.#####.......##
#@#.######........
#555K#.....<.........
.....##5########.###.###
.... ... #. #.#. # ###
### # ## ### #### ##...
##.... ##....%


You could see Pikel, Grinder and 3 lemures.

Vanquished Creatures
  An ogre (D:5)
  An ice beast (D:4)
  3 scorpions
  2 orc priests (D:5)
  2 hounds
  2 iguanas (D:5)
  A sleepcap (D:5)
  5 adders
  4 gnolls (D:4)
  An ufetubus (D:5)
  A worm (D:2)
  2 dart slugs
  10 orcs
  5 endoplasms
  5 giant cockroaches
  13 goblins
  5 hobgoblins
  4 kobolds
  3 quokkas
  6 ball pythons
  6 bats
  A frilled lizard (D:1)
  8 rats
91 creatures vanquished.

Notes
Turn   | Place    | Note
-------+----------+-------------------------------------------
     0 | D:1      | qw the Deep Elf Hunter began the quest for the Orb.
     0 | D:1      | Reached XP level 1. HP: 12/12 MP: 3/3
     0 | D:1      | 0 ||| qw: Version: 0.3-a-9-g12657ce
     0 | D:1      | 0 ||| qw: Game counter: 4598
     0 | D:1      | 0 ||| qw: Always use a shield: true
     0 | D:1      | 0 ||| qw: God list: Okawaru
     0 | D:1      | 0 ||| qw: Allow faded altars: false
     0 | D:1      | 0 ||| qw: Do Orc after D:15 true
     0 | D:1      | 0 ||| qw: Do second Lair branch before Depths: true
     0 | D:1      | 0 ||| qw: Lair rune preference: random
     0 | D:1      | 0 ||| qw: Plans: Normal
     0 | D:1      | 0 ||| PLANNING D:1-11
    38 | D:1      | Reached skill level 6 in Ranged Weapons
    38 | D:1      | Reached XP level 2. HP: 16/16 MP: 4/4
   169 | D:1      | Found a faded altar of an unknown god.
   534 | D:1      | 534 ||| UPGRADING to +0 scale mail.
   544 | D:1      | 544 ||| DROPPING +0 leather armour.
   545 | D:1      | 545 ||| READING scroll labelled HIPSIO SIYSA.
   546 | D:1      | 546 ||| READING scroll labelled RUYTUNT SUILOISK.
   547 | D:1      | 547 ||| READING scroll labelled RUF VALOATWU.
   548 | D:1      | 548 ||| READING scroll labelled NEIMEF WANEVUG.
   549 | D:1      | 549 ||| READING 2 scrolls labelled FOMUIR DAOXTU.
   550 | D:1      | 550 ||| DROPPING scroll of butterflies.
   551 | D:1      | 551 ||| DROPPING scroll of immolation.
   632 | D:2      | Reached XP level 3. HP: 20/20 MP: 5/5
   712 | D:2      | Found a shimmering blue altar of Sif Muna.
   870 | D:2      | Reached skill level 7 in Ranged Weapons
  1163 | D:2      | 1163 ||| READING scroll labelled DUV OQIETTAZ.
  1164 | D:2      | 1164 ||| DRINKING 2 silvery potions.
  1295 | D:3      | 1295 ||| READING scroll of brand weapon.
  1295 | D:3      | 1295 ||| BRANDING +0 shortbow of flaming.
  1298 | D:3      | Found an ancient bone altar of Kikubaaqudgha.
  1356 | D:3      | Found a stormy altar of Qazlal.
  1371 | D:3      | Reached XP level 4. HP: 25/25 MP: 6/6
  1499 | D:3      | Found a bloodstained altar of Trog.
  1824 | D:3      | Reached skill level 8 in Ranged Weapons
  1968 | D:3      | 1968 ||| UPGRADING to +1 scale mail of willpower.
  1978 | D:3      | 1978 ||| UPGRADING to +2 hat.
  1983 | D:3      | 1983 ||| DROPPING +0 scale mail.
  2095 | D:4      | Noticed a scorpion
  2102 | D:4      | Killed a scorpion
  2103 | D:4      | Reached XP level 5. HP: 29/29 MP: 7/7
  2175 | D:4      | Reached skill level 9 in Ranged Weapons
  2197 | D:4      | Reached XP level 6. HP: 35/35 MP: 8/8
  2258 | D:4      | 2258 ||| READING scroll of brand weapon.
  2258 | D:4      | 2258 ||| BRANDING +0 shortbow of freezing.
  2426 | D:4      | Noticed an ice beast
  2433 | D:4      | Killed an ice beast
  2434 | D:4      | Reached skill level 1 in Armour
  2508 | D:4      | Identified the +0 falchion of Diel {holy, rElec rPois rN+++
                  | Dex-5}
  2711 | D:4      | 2711 ||| DROPPING ring of wizardry.
  2712 | D:4      | 2712 ||| READING scroll labelled ZOIWINTEFI.
  2713 | D:4      | 2713 ||| READING scroll labelled ZUIHOB MOHE.
  2714 | D:4      | 2714 ||| READING 4 scrolls of identify.
  2714 | D:4      | 2714 ||| IDENTIFYING amethyst potion
  2715 | D:4      | 2715 ||| DROPPING potion of lignification.
  2750 | D:5      | Entered Level 5 of the Dungeon
  2847 | D:5      | Reached skill level 10 in Ranged Weapons
  2883 | D:5      | Reached XP level 7. HP: 40/40 MP: 9/9
  3063 | D:5      | Reached skill level 11 in Ranged Weapons
  3077 | D:5      | Reached skill level 3 in Dodging
  3231 | D:5      | Noticed Grinder
  3233 | D:5      | Noticed Pikel
  3236 | D:5      | Paralysed by Grinder for 3 turns
  3238 | D:5      | HP: 9/40 [Grinder/nerve-wracking pain (11)]
  3238 | D:5      | HP: 3/40 [Pikel/+2 whip of flaming (6)]
  3238 | D:5      | Slain by Pikel

Levels and vault maps discovered:
D:1:      psy_arrival_statuary, layout_rooms, shapermc_ecumenical_altar_petra
D:2:      minmay_evil_eye, layout_basic, basic_altar
D:3:      layout_loops_ring, mainiacjoe_overflow_chevrons,
          mainiacjoe_overflow_24_doors, lemuel_tele_altar,
          kennysheep_minor_cross, grunt_ministairs_6
D:4:      layout_gridville
D:5:      layout_loops_ring, old_standard_altar, nrook_uturn, uniq_grinder,
          uniq_pikel

Skill      XL: |  1  2  3  4  5  6  7 |
---------------+----------------------+-----
Ranged Weapons | 6 7 8 9 10 11 | 11.1
Fighting       | 2 |  2.0
Armour         | 1 |  1.9
Dodging        | 3 |  3.2
Stealth        | |  1.2

Action                     |  1- 3 |  4- 6 |  7- 9 || total
---------------------------+-------+-------+-------++-------
   Fire: Shortbow          |   124 |   131 |    37 ||   292
    Use: Scroll            |     7 |     4 |       ||    11
         Potion            |     1 |       |       ||     1
 Armour: Leather armour    |     4 |       |       ||     4
         Scale mail        |    19 |    23 |     6 ||    48
  Dodge: Dodged            |    10 |    33 |    11 ||    54

Table legend:
 A = Non-vault XP
 B = Vault XP
 C = Vault XP percentage of total XP
 D = Non-vault monster count
 E = Vault monster count
 F = Vault count percentage of total count
                 A         B        C        D         E       F
            +---------+---------+-------+---------+---------+-------
      Total |    1041 |       8 |   0.8 |      86 |       5 |   5.5
            +---------+---------+-------+---------+---------+-------
        D:1 |      38 |       0 |   0.0 |      22 |       0 |   0.0
        D:2 |      40 |       5 |  11.1 |      16 |       3 |  15.8
        D:3 |      65 |       3 |   4.4 |      19 |       2 |   9.5
        D:4 |     425 |       0 |   0.0 |      16 |       0 |   0.0
        D:5 |     473 |       0 |   0.0 |      13 |       0 |   0.0
            +---------+---------+-------+---------+---------+-------
